 Dungeon Crawl Stone Soup version 0.27-a0-1301-g128193abf8 (webtiles) character file.

Game seed: 13144758955842021685

0 spiderkeys the Skirmisher (level 1, 0/22 HPs)
             Began as a Troll Abyssal Knight on June 18, 2021.
             Was a Follower of Lugonu.
             Slain by an ufetubus (3 damage)
             ... on level 1 of the Abyss.
             The game lasted 00:00:33 (286 turns).

spiderkeys the Skirmisher (Troll Abyssal Knight)     Turns: 286, Time: 00:00:33

Health: 0/22       AC:  4    Str: 19    XL:     1   Next: 0%
Magic:  1/1        EV:  9    Int:  8    God:    Lugonu [*.....]
Gold:   6          SH:  0    Dex:  9    Spells: 0/0 levels left

rFire    . . .     SeeInvis .     - Unarmed
rCold    . . .     Faith    .   (no shield)
rNeg     . . .     Spirit   .   a - +0 robe
rPois    .         Reflect  .   (helmet restricted)
rElec    .         Harm     .   (no cloak)
rCorr    .         Rampage  .   (gloves unavailable)
Will     .....                  (boots unavailable)
Stlth    +.........             (no amulet)
HPRegen  0.00/turn              (no ring)
MPRegen  0.07/turn              (no ring)

@: diseased
A: large, unfitting armour, claws 3, regeneration 1, shaggy fur 1, tough skin 1
a: Renounce Religion, Depart the Abyss


You were on level 1 of the Abyss.
You worshipped Lugonu.
Lugonu was aware of your devotion.
You visited 0 branches of the dungeon, and saw 0 of its levels.
You visited the Abyss 1 time.

You collected 6 gold pieces.


Innate Abilities, Weirdness & Mutations

You are too large for most types of armour.
You have claws for hands.
Your natural rate of healing is unusually fast.
You are covered in fur. (AC +1)
You have tough skin. (AC +1)


   Skills:
 + Level 2.4 Fighting
 + Level 1.9 Dodging
 + Level 2.0 Unarmed Combat
 + Level 1.5 Invocations


You couldn't memorise any spells.
You didn't know any spells.
Your spell library was empty.

Inventory:

Armour
 a - a +0 robe (worn)
Magical Staves
 c - a staff of death {!a}
   (You found it on level 1 of the Abyss)
Jewellery
 C - a ring of protection from cold
   (You found it on level 1 of the Abyss)
Potions
 b - a potion of mutation {unknown}

Dungeon Overview and Level Annotations

Branches:
Dungeon (0/15)

Altars:

##.. #.#. #.#[
...# .. ##+#..
...# .. ......#
#.. .#......#
#..##..####.#.. .#
......x@..#......#
##≈#..5#..##
8...##
#.#.##..#... .. .
# ≈≈ ≈# ###'.....#
. . #≈# ≈≈
##.....# .. . #
≈#. ##.8.. ##.#.#.
#≈≈ #. .....#....#
3 ≈ ≈#.........#
.# #.........#..


You could see an ancient zyme, a sixfirhy and an ufetubus.


Message History

🤖 Initializing magus.rc ...
Options error: Delay interrupt name "hungry" not recognised. (~/.crawlrc:4988) ✅ Successfully initialized magus.rc [v1.9.10] Welcome, spiderkeys the Troll Abyssal Knight.
Will you be the one to retrieve the awesome Orb of Zot from the depths?
Lugonu says: Depart the Abyss and spread corruption, my servant! (use the ability menu to exit the Abyss) Press ? for a list of commands and other information.
Found a black potion.
Found a corrupted altar of Lugonu.
b - a black potion Unknown command.
Done exploring.
Done exploring.
You start waiting.
Done waiting.
Unknown command.
Found 6 gold pieces and a crooked smoking staff.
Found a gateway leading out of the Abyss.
c - a staff of death {!a}
There is a gateway leading out of the Abyss here.
You now have 6 gold pieces.
You open the door.
There is an open door here.
d - a scroll labelled POMOIT KOOHAR
As you read the scroll labelled POMOIT KOOHAR, it crumbles to dust.
The scroll dissolves into smoke.
It was a scroll of fog.
A tentacled starspawn comes into view.
Unknown command.
C - a ring of protection from cold A tentacle flies out from the starspawn's body!
A starspawn tentacle comes into view.
A starspawn tentacle comes into view.
The starspawn tentacle grabs you.
The starspawn tentacle constricts you. 😕 HP[-3]
You take 3 damage, and now have 19/22 hp.
You escape the starspawn tentacle's grasp. 😕 HP[+1]
A large abomination comes into view. 😕 HP[+1] 😎 HP[+1]
Your hp is fully restored (22).
A tentacle flies out from the starspawn's body!
A starspawn tentacle comes into view.
A tentacle flies out from the starspawn's body!
A starspawn tentacle comes into view.
The starspawn tentacle barely misses you.
You open the door.
There is an open door here.
An ancient zyme comes into view.
You feel yourself growing ill in the presence of the ancient zyme.
An ufetubus comes into view.
The ufetubus shouts!
A sixfirhy comes into view.
The ancient zyme hits you!
The ancient zyme hits you but does no damage.
The sixfirhy moves out of view. 😮 HP[-7]
You take 7 damage, and now have 15/22 hp.
MASSIVE DAMAGE!! (PAUSE)
You claw the ancient zyme! The ancient zyme hits you.
The ancient zyme barely misses you. 😮 HP[-1]
You take 1 damage, and now have 14/22 hp.
You barely miss the ancient zyme. The ancient zyme hits you!
* * * LOW HITPOINT WARNING * * *
The ancient zyme closely misses you.
You feel ill. 😨 HP[-8]
You take 8 damage, and now have 6/22 hp.
MASSIVE DAMAGE!! (PAUSE)
You scratch the ancient zyme.
The ancient zyme hits you but does no damage.
The ancient zyme misses you.
You scratch the ancient zyme but do no damage.
The ufetubus hits you but does no damage.
The ufetubus closely misses you. The ancient zyme barely misses you.
The ancient zyme hits you.
* * * LOW HITPOINT WARNING * * *
😱 HP[-3]
You take 3 damage, and now have 3/22 hp.
You scratch the ancient zyme. The ufetubus barely misses you.
The ufetubus hits you.
You die...

Action                   || total
-------------------------++-------
Melee: Unarmed           ||     5
  Use: Scroll            ||     1
Armor: Robe              ||     3
Dodge: Dodged            ||     7

Levels and vault maps discovered:
Abyss:1:  base: Temple, base:
Temple

Notes
Turn   | Place    | Note
-------+----------+-------------------------------------------
     0 | Abyss:1  | spiderkeys the Troll Abyssal Knight began the quest for the
                  | Orb.
     0 | Abyss:1  | Reached XP level 1. HP: 22/22 MP: 1/1
     0 | Abyss:1  | magus.rc [v1.9.10]
   249 | Abyss:1  | Noticed a tentacled starspawn
   263 | Abyss:1  | Noticed a large abomination
   279 | Abyss:1  | Noticed an ancient zyme
   281 | Abyss:1  | Noticed a sixfirhy
   285 | Abyss:1  | HP: 3/22 [ancient zyme (3)]
   286 | Abyss:1  | Slain by an ufetubus

Vanquished Creatures (others)
  4 starspawn tentacles (Abyss:1)
4 creatures vanquished.

Table legend:
 A = Non-vault XP
 B = Vault XP
 C = Vault XP percentage of total XP
 D = Non-vault monster count
 E = Vault monster count
 F = Vault count percentage of total count
                 A         B        C        D         E       F
            +---------+---------+-------+---------+---------+-------
      Total |       0 |       0 |   N/A |       0 |       0 |  -nan
            +---------+---------+-------+---------+---------+-------
            +---------+---------+-------+---------+---------+-------

Illustrated notes

Table legend: (Time is in decaauts)
 A = Elapsed time spent in this place.
 B = Non-inter-level travel time spent in this place.
 C = Inter-level travel time spent in this place.
 D = Time resting spent in this place.
 E = Time spent auto-exploring this place.
 F = Levels seen in this place.
 G = Mean time per level.
                   A        B        C        D        E       F      G
               +--------+--------+--------+--------+--------+-----+--------+
         Total |    285 |    285 |      0 |    100 |     77 |   1 |  285.0 |
         Abyss |    285 |    285 |      0 |    100 |     77 |   1 |  285.0 |
               +--------+--------+--------+--------+--------+-----+--------+

Top non-repeatable levels by time:
 Abyss:1: 285 daAuts
